 Dungeon Crawl Stone Soup version 0.26.0-10-g1f06aea511 (webtiles) character file.

Game seed: 12563384383780244124

96 BOMJPIETVODKU the Shield-Bearer (level 4, 0/40 HPs)
             Began as a Hill Orc Fighter on Jan 14, 2021.
             Slain by a gnoll
             ... wielding a +0 spear
              (5 damage)
             ... on level 2 of the Dungeon.
             The game lasted 00:05:40 (1194 turns).

BOMJPIETVODKU the Shield-Bearer (Hill Orc Fighter)  Turns: 1194, Time: 00:05:40

Health: 0/40       AC:  7    Str: 19    XL:     4   Next: 67%
Magic:  4/4        EV:  7    Int:  8    God:
Gold:   64         SH: 14    Dex: 10    Spells: 3/3 levels left

rFire    . . .     SeeInvis .   a - +0 long sword
rCold    . . .     Faith    .   c - +0 kite shield
rNeg     . . .     Spirit   .   b - +0 scale mail
rPois    .         Reflect  +   (no helmet)
rElec    .         Harm     .   (no cloak)
rCorr    .         Rampage  .   (no gloves)
Will     .....                  (no boots)
Stlth    ..........             i - amulet of reflection
HPRegen  0.13/turn              (no ring)
MPRegen  0.09/turn              (no ring)

@: mighty
A: no striking features
a: no special abilities


You were on level 2 of the Dungeon.
You visited 1 branch of the dungeon, and saw 2 of its levels.

You collected 64 gold pieces.

Inventory:

Hand Weapons
 a - a +0 long sword (weapon)
Missiles
 h - a throwing net (quivered)
Armour
 b - a +0 scale mail (worn)
 c - a +0 kite shield (worn)
Jewellery
 i - an amulet of reflection (around neck)
 l - an uncursed amulet of the acrobat
Scrolls
 e - a scroll of teleportation {unknown}
 g - 3 scrolls of remove curse {unknown}
 j - a scroll of enchant weapon {unknown}
 k - 2 scrolls of amnesia {unknown}
 m - 2 scrolls of immolation {unknown}
 p - a scroll of identify {unknown}
Potions
 f - a potion of invisibility {unknown}
 n - a potion of ambrosia {unknown}
 o - a potion of brilliance {unknown}


   Skills:
 * Level 4.2 Fighting
 + Level 3.0 Long Blades
 + Level 4.0 Armour
 - Level 0.3 Dodging
 - Level 0.2 Stealth
 + Level 4.2 Shields


You had 3 spell levels left.
You didn't know any spells.
Your spell library was empty.

Dungeon Overview and Level Annotations

Branches:
Dungeon (2/15)

Altars:
Xom


Message History

You hit the gnoll but do no damage. You block the gnoll's attack. x2
You hit the gnoll but do no damage. The gnoll barely misses you.
You block the gnoll's attack.
The gnoll hits you from afar with a +0 spear.
You hit the gnoll.
The gnoll is moderately wounded.
You block the gnoll's attack. x2; The gnoll hits you with a +0 flail.
You barely miss the gnoll.
The gnoll is moderately wounded.
The gnoll hits you from afar with a +0 spear!
* * * LOW HITPOINT WARNING * * *
You block the gnoll's attack.
You feel very mighty all of a sudden.
The gnoll hits you from afar with a +0 spear.
* * * LOW HITPOINT WARNING * * *
You slash the gnoll!
You kill the gnoll!
You block the gnoll's attack.
The gnoll hits you from afar with a +0 spear.
You die...

.........##.###.##.
####.....#.....##.
###.##......###.
#.>.###.##..).#.
#...###.....#.†.
#....###.....##.
###.............#. . #####
#........##.......
#...##...#####@#.....###.......
#.............)####...#...8....
#..#(##.≈..≈g### ##...........
#≈.≈≈≈≈# .#.#....... #...≈≈≈≈.#
.#.# . #..# ##...≈≈≈.#
#.#...####.# #....P..#
.......).#.. #.........
#..#####...< ###...#### ###...#


You could see a gnoll.

Vanquished Creatures
  A gnoll shaman (D:2)
  2 gnolls (D:2)
  3 dart slugs
  3 leopard geckos
  A bat zombie (D:2)
  2 giant cockroaches
  6 goblins
  9 hobgoblins
  4 jackals
  6 bats
  2 frilled lizards
  5 rats (D:1)
44 creatures vanquished.

Vanquished Creatures (others)
  A plant (D:2)
1 creature vanquished.

Grand Total: 45 creatures vanquished

Notes
Turn   | Place    | Note
-------+----------+-------------------------------------------
     0 | D:1      | BOMJPIETVODKU the Hill Orc Fighter began the quest for the
                  | Orb.
     0 | D:1      | Reached XP level 1. HP: 19/19 MP: 1/1
   130 | D:1      | Reached XP level 2. HP: 19/27 MP: 2/2
   453 | D:1      | Reached XP level 3. HP: 33/33 MP: 3/3
  1018 | D:2      | Found a shimmering altar of Xom.
  1164 | D:2      | Reached XP level 4. HP: 40/40 MP: 4/4
  1194 | D:2      | Slain by a gnoll

Illustrated notes

Levels and vault maps discovered:
D:1:      minmay_arrival_arboretum_large, layout_loops_ring, minmay_ruptured
D:2:      layout_rooms, nicolae_tso_swordbearing_angel, general_overflow_altar,
          serial_undead, serial_undead_c, serial_undead_d, serial_undead_f,
          serial_undead_b, serial_undead_f, minmay_misc_feat_ornament,
          serial_bayou_pond_b

Skill      XL: |  1  2  3  4 |
---------------+-------------+-----
Shields        | 4 |  4.2
Fighting       | 4 |  4.2
Armour         | 4 |  4.0
Long Blades    | 3 |  3.0
Dodging        | |  0.3
Stealth        | |  0.2

Action                   |  1- 3 |  4- 6 || total
-------------------------+-------+-------++-------
Melee: Long sword        |   137 |    12 ||   149
  Use: Potion            |       |     1 ||     1
Armor: Scale mail        |    79 |     3 ||    82
Dodge: Dodged            |    58 |     3 ||    61
Block: Kite shield       |   140 |    18 ||   158
       Reflection        |     1 |       ||     1
       Rpst.: Long sword |    19 |       ||    19
